 Seeded DCSS version 0.29.1-2-gbd0b4ee654 (webtiles) character file.

Game seed: 61060 (custom seed)

26919 Ashen the Fighter (level 13, 103/103 HPs)
             Began as a Demonspawn Ice Elementalist on Oct 30, 2022.
             Was a Priest of Vehumet.
             Got out of the dungeon alive.
             The game lasted 00:42:00 (16091 turns).

Ashen the Fighter (Demonspawn Ice Elementalist)    Turns: 16091, Time: 00:42:00

Health: 103/103    AC: 10    Str:  8    XL:     13   Next: 1%
Magic:  35/35      EV: 15    Int: 30    God:    Vehumet [***...]
Gold:   649        SH:  0    Dex: 12    Spells: 13/31 levels left

rFire   . . .      SeeInvis .   H - +6 mace "Nun Hyvo" {venom, rN+ Int+6 Dex-4}
rCold   . . .      Faith    .   (no shield)
rNeg    + . .      Spirit   .   p - +1 leather armour "Lonticra" {rCorr Int+4}
rPois   .          Reflect  .   (no helmet)
rElec   .          Harm     .   (no cloak)
rCorr   +          Rampage  .   B - +0 pair of gloves
Will    .....                   z - +0 pair of boots
Stlth   +++.......              F - amulet of regeneration
HPRegen 1.07/turn               l - ring of magical power
MPRegen 0.24/turn               n - +4 ring of protection

@: no status effects
A: powered by death 2, sturdy frame 1, weakness stinger 2
a: Renounce Religion


You escaped.
You worshipped Vehumet.
Vehumet was most pleased with you.
You visited 3 branches of the dungeon, and saw 15 of its levels.
You also visited: Sewer.

You collected 845 gold pieces.
You spent 196 gold pieces at shops.

Inventory:

Hand Weapons
 e - a +2 dagger of speed
 H - the +6 mace "Nun Hyvo" (weapon) {venom, rN+ Int+6 Dex-4}
   (You found it on level 2 of the Lair of Beasts)

   It poisons the flesh of those it strikes.
   Int:       It affects your intelligence (+6).
   Dex:       It affects your dexterity (-4).
   rN:        It protects you from negative energy.
Armour
 p - the +1 leather armour "Lonticra" (worn) {rCorr Int+4}
   (You found it on level 3 of the Dungeon)

   Int:       It affects your intelligence (+4).
   rCorr:     It protects you from acid and corrosion.
 z - a +0 pair of boots (worn)
 B - a +0 pair of gloves (worn)
Magical Staves
 a - a staff of cold
Jewellery
 l - a ring of magical power (left hand)
 n - a +4 ring of protection (right hand)
 F - an amulet of regeneration (around neck)
Wands
 r - a wand of digging (6)
 v - a wand of paralysis (7)
 w - a wand of iceblast (3)
 A - a wand of flame (6)
 K - a wand of light (4)
Scrolls
 c - 14 scrolls of teleportation
 d - 5 scrolls of identify
 g - 2 scrolls of noise
 j - 2 scrolls of torment
 k - 3 scrolls of butterflies
 m - 3 scrolls of poison
 t - 5 scrolls of fear {unknown}
 y - 4 scrolls of amnesia {unknown}
 C - 6 scrolls of blinking
 E - a scroll of acquirement {unknown}
 J - a scroll of enchant weapon {unknown}
Potions
 b - 2 potions of magic
 h - 5 potions of curing
 i - 2 potions of resistance
 o - a potion of invisibility
 q - 2 potions of haste
 s - 2 potions of cancellation
 u - 3 potions of brilliance
 x - 2 potions of might
 D - a potion of mutation
 I - a potion of lignification


   Skills:
 - Level 10.0 Fighting
 + Level 9.8 Dodging
 - Level 5.0 Stealth
 + Level 9.8 Spellcasting
 + Level 8.0 Conjurations
 - Level 10.0 Ice Magic


You had 13 spell levels left.
You knew the following spells:

 Your Spells              Type           Power      Damage    Failure   Level
a - Freeze                Ice            100%       1d11      1%          1
b - Frozen Ramparts       Ice            100%       1d16      1%          3
c - Ozocubu's Armour      Ice            65%        N/A       1%          3
d - Hailstorm             Conj/Ice       62%        3d13      1%          4
e - Summon Ice Beast      Ice/Summ       44%        N/A       4%          4
f - Stone Arrow           Conj/Erth      78%        3d11      1%          3

Your spell library contained the following spells:

 Spells                   Type           Power      Damage    Failure   Level
 Fulminant Prism          Conj/Hex       19%        3d11      1%          4
 Ensorcelled Hibernation  Hex/Ice        88%        N/A       1%          2
 Dazzling Flash           Conj/Hex       78%        N/A       1%          3
 Freezing Cloud           Conj/Ice/Air   25%        6-21      2%          5
 Apportation              Tloc           28%        N/A       3%          1
 Ice Form                 Ice/Tmut       44%        N/A       4%          4
 Lightning Bolt           Conj/Air       19%        1d34      5%          5
 Airstrike                Air            7%         2d(1-17)  11%         4
 Spider Form              Tmut/Pois      14%        N/A       12%         3
 Conjure Ball Lightning   Conj/Air       19%        3x3d6     28%         6
 Starburst                Conj/Fire      19%        6d7       28%         6
 Anguish                  Hex/Necr       7%         N/A       36%         4
 Cause Fear               Hex            7%         N/A       36%         4
 Summon Lightning Spire   Summ/Air       14%        N/A       36%         4
 Simulacrum               Ice/Necr       22%        N/A       58%         6
 Agony                    Necr           14%        N/A       71%         5
 Alistair's Intoxication  Tmut/Pois      9%         N/A       71%         5
 Silence                  Hex/Air        7%         N/A       71%         5
 Dispersal                Tloc           7%         N/A       99%         6
 Discord                  Hex            7%         N/A       100%        8
 Disjunction              Tloc           7%         N/A       100%        8
 Polar Vortex             Ice            32%        N/A       100%        9


Dungeon Overview and Level Annotations

Branches:
Dungeon (10/15)            Temple (1/1) D:5            Lair (4/5) D:9
  Swamp (0/4) Lair:3       Spider (0/4) Lair:2          Orc (0/2) D:9
  Sewer (visited)
  Slime: Lair:4-5

Altars:
Ashenzari
Cheibriados
Dithmenos
Fedhas
Gozag
Hepliaklqana
Kikubaaqudgha
Makhleb
Nemelex Xobeh
Okawaru
Qazlal
Ru
Sif Muna
Trog
Uskayaw
Vehumet
Wu Jian
Xom
Yredelemnul

Shops:
D:2 *   D:4 ?   D:5 (

Annotations:
D:3 Sigmund
D:9 3 runed translucent doors


Innate Abilities, Weirdness & Mutations

You regenerate health from kills.
Your movements are slightly less encumbered by armour. (ER -2)
You have a tail ending in a sharp stinger.


Message History

You are starting to lose your buoyancy.
HP restored.
You float gracefully downwards.
There is a stone staircase leading up here.
You climb upwards.
There is a stone staircase leading down here.
There is a staircase back to the Dungeon here.
You climb upwards.
Welcome back to the Dungeon!
Level annotation: 3 runed translucent doors
There is a staircase to the Lair here.
There is a stone staircase leading up here.
You climb upwards.
There is a stone staircase leading down here.
Magic restored.
There is a stone staircase leading up here.
You climb upwards.
There is a stone staircase leading down here.
There is a stone staircase leading up here.
You climb upwards.
There is a stone staircase leading down here.
There is a stone staircase leading up here.
You climb upwards.
There is a stone staircase leading down here.
There is a stone staircase leading up here.
You climb upwards.
There is a stone staircase leading down here.
There is a stone staircase leading up here.
You climb upwards.
Level annotation: Sigmund
There is a stone staircase leading down here.
You see here a +0 robe.
There is a stone staircase leading up here.
You climb upwards.
There is a stone staircase leading down here.
There is a stone staircase leading up here.
You climb upwards.
There is a stone staircase leading down here.
There is a staircase leading out of the dungeon here.
Are you sure you want to leave the Dungeon?
This will make you lose the game!
You have escaped!

..#...###..........###...........
.##.#.###..##......#...##..######
##).#.#.........#..........#
#..##...#.#....#.#....#.#..#
..####.....#..##.##..#.....# .##
#.....#..#...#..#.....###### ##
#..#..#..#...#..#..#....##..
######...###.........###........#
..............#.@.#........###...
##########....#...#....#####.....
.# #.....###....#####..###. .#
#......#.........>.####. .#
#.............###...#...
.#########..##.....##..##........
...........###.....###.#.........
..########.##.#...#.##....)......
..## #..###...###..#.........


There were no monsters in sight!

Vanquished Creatures
  3 hydras
  9 death yaks
  Nergalle (Lair:2)
  3 black mambas
  Maggie (D:7)
  8 cane toads
  10 komodo dragons
  5 blink frogs (Lair:3)
  3 culicivoras (Lair:2)
  33 yaks
  5 wyverns
  A shadow (D:10)
  A wraith (D:10)
  2 steam dragons
  An acid dragon (D:8)
  8 water moccasins
  Duvessa (D:6)
  4 ice beasts
  An ogre (D:5)
  A sky beast (D:7)
  A black bear (D:8)
  An orc warrior (D:9)
  7 wolves
  6 centaurs
  A kobold brigand (D:10)
  10 bullfrogs
  2 necrophages
  A scorpion (D:6)
  11 wights
  17 killer bees
  Dowan (D:6)
  3 howler monkeys
  A jelly (D:5)
  A gnoll bouda (D:6)
  3 orc priests
  4 iguanas
  4 orc wizards
  6 hell rats (Lair:3)
  13 gnolls
  7 adders
  A shadow imp (D:6)
  3 white imps (D:6)
  2 ufetubi
  2 worms
  2 dart slugs
  14 orcs
  2 bats (D:1)
  5 endoplasms
  6 giant cockroaches
  5 goblins
  11 hobgoblins
  4 jackals (D:2)
  5 quokkas
  11 ball pythons
  5 frilled lizards
  19 kobolds
  8 rats
  A butterfly (D:8)
307 creatures vanquished.

Vanquished Creatures (others)
  33 fungi
  61 plants
94 creatures vanquished.

Grand Total: 401 creatures vanquished

Notes
Turn   | Place    | Note
-------+----------+-------------------------------------------
     0 | D:1      | Ashen the Demonspawn Ice Elementalist began the quest for
                  | the Orb.
     0 | D:1      | Reached XP level 1. HP: 13/13 MP: 3/3
   329 | D:1      | Gained mutation: You regenerate a little health from kills.
                  | [demonic ancestry]
   329 | D:1      | Reached XP level 2. HP: 19/19 MP: 5/5
   755 | D:1      | Gained mutation: Your movements are slightly less
                  | encumbered by armour. (ER -2) [demonic ancestry]
   755 | D:1      | Reached XP level 3. HP: 25/25 MP: 1/6
  1073 | D:2      | Found Myiskiz's General Store.
  1208 | D:2      | Reached skill level 1 in Fighting
  1769 | D:3      | Found a faded altar of an unknown god.
  1788 | D:3      | Reached XP level 4. HP: 23/32 MP: 7/7
  1792 | D:3      | Noticed Sigmund
  1868 | D:3      | Learned a level 3 spell: Frozen Ramparts
  1872 | D:3      | Learned a level 3 spell: Ozocubu's Armour
  2294 | D:3      | Identified the +1 leather armour "Lonticra" {rCorr Int+4}
  2714 | D:4      | Gained mutation: You regenerate health from kills. [demonic
                  | ancestry]
  2714 | D:4      | Reached XP level 5. HP: 35/37 MP: 9/9
  2839 | D:4      | Found Ukhoywk's Magic Scroll Shoppe.
  2843 | D:4      | Bought 2 scrolls of teleportation for 84 gold pieces
  2843 | D:4      | Bought a scroll of teleportation for 42 gold pieces
  2843 | D:4      | Bought a scroll of teleportation for 42 gold pieces
  2843 | D:4      | Bought a scroll of identify for 28 gold pieces
  3555 | D:5      | Entered Level 5 of the Dungeon
  3564 | D:5      | Found Lolujezo's Weapon Shoppe.
  3596 | D:5      | Noticed a water moccasin
  3615 | D:5      | Noticed an ogre
  3626 | D:5      | Killed an ogre
  3627 | D:5      | Reached XP level 6. HP: 46/46 MP: 10/10
  3651 | D:5      | Found a glowing drain.
  3675 | Sewer    | Entered a sewer
  3745 | Sewer    | Noticed a water moccasin
  3754 | Sewer    | Killed a water moccasin
  3944 | D:5      | Noticed an ice beast
  3987 | D:5      | Reached XP level 7. HP: 45/51 MP: 12/12
  4096 | D:5      | Found a staircase to the Ecumenical Temple.
  4142 | Temple   | Entered the Ecumenical Temple
  4586 | D:5      | Found a basalt altar of Yredelemnul.
  4691 | D:5      | Reached skill level 5 in Ice Magic
  4811 | D:6      | Reached XP level 8. HP: 55/60 MP: 14/14
  5503 | D:6      | Noticed Duvessa
  5503 | D:6      | Noticed Dowan
  5534 | D:6      | Killed Duvessa
  5535 | D:6      | Reached skill level 5 in Stealth
  5572 | D:6      | Killed Dowan
  5906 | D:6      | Found a stormy altar of Qazlal.
  6086 | D:7      | Reached skill level 5 in Spellcasting
  6196 | D:7      | Reached skill level 5 in Dodging
  6239 | D:7      | Reached skill level 5 in Fighting
  6443 | D:7      | Reached XP level 9. HP: 67/68 MP: 16/16
  6582 | D:7      | Noticed Maggie
  6594 | D:7      | Killed Maggie
  7143 | D:8      | Found a burning altar of Makhleb.
  7227 | D:8      | Found a sacrificial altar of Ru.
  7445 | D:8      | Got the Excursus on Scorching Guile
  7474 | D:8      | Learned a level 4 spell: Hailstorm
  7543 | D:8      | Found a shimmering altar of Xom.
  7717 | D:8      | Reached skill level 1 in Conjurations
  7944 | D:9      | Reached XP level 10. HP: 58/72 MP: 19/19
  8035 | D:9      | Found an ornate altar of the Wu Jian Council.
  8045 | D:9      | Found a staircase to the Orcish Mines.
  8051 | D:9      | Found a runed translucent gate.
  8051 | D:9      | Found a runed translucent gate.
  8051 | D:9      | Found a runed translucent gate.
  8080 | D:9      | Noticed a death yak
  8135 | D:9      | Found a radiant altar of Vehumet.
  8144 | D:9      | Became a worshipper of Vehumet
  8319 | D:9      | Found a staircase to the Lair.
  8324 | D:9      | Noticed a death yak
  8324 | D:9      | Noticed a death yak
  8648 | D:9      | Noticed a death yak
  8648 | D:9      | Noticed a death yak
  8648 | D:9      | Noticed a death yak
  8660 | D:9      | Noticed a death yak
  8864 | D:10     | Entered Level 10 of the Dungeon
  9365 | D:10     | Found an iron altar of Okawaru.
  9453 | D:10     | Learned a level 4 spell: Summon Ice Beast
  9486 | D:10     | Reached * piety under Vehumet
  9486 | D:10     | Offered knowledge of Sandblast by Vehumet.
 10183 | Lair:1   | Entered Level 1 of the Lair of Beasts
 10183 | Lair:1   | Noticed a cane toad
 10198 | Lair:1   | Killed a cane toad
 10475 | Lair:1   | Noticed a five-headed hydra
 10484 | Lair:1   | Noticed a cane toad
 10791 | Lair:1   | Killed a cane toad
 10916 | Lair:1   | Noticed a six-headed hydra
 10930 | Lair:1   | Killed a six-headed hydra
 10931 | Lair:1   | Reached XP level 11. HP: 73/86 MP: 18/22
 10983 | Lair:1   | Killed a five-headed hydra
 10992 | Lair:1   | Offered knowledge of Searing Ray by Vehumet.
 11042 | Lair:1   | Reached ** piety under Vehumet
 11550 | Lair:1   | Reached skill level 5 in Conjurations
 12291 | Lair:2   | Noticed Nergalle
 12307 | Lair:2   | Killed Nergalle
 12478 | Lair:2   | Identified the +6 mace "Nun Hyvo" {venom, rN+ Int+6 Dex-4}
 12773 | Lair:2   | Gained mutation: You have a small tail. [demonic ancestry]
 12773 | Lair:2   | Reached XP level 12. HP: 82/95 MP: 24/24
 12774 | Lair:2   | Offered knowledge of Stone Arrow by Vehumet.
 12781 | Lair:2   | Learned a level 3 spell: Stone Arrow
 13326 | Lair:2   | Found a hole to the Spider Nest.
 13433 | Lair:3   | Noticed an eight-headed hydra
 13443 | Lair:3   | Killed an eight-headed hydra
 13726 | Lair:3   | Reached *** piety under Vehumet
 13833 | Lair:3   | Noticed a death yak
 13833 | Lair:3   | Noticed a death yak
 13872 | Lair:3   | Noticed a death yak
 14067 | Lair:3   | Found a staircase to the Swamp.
 14489 | Lair:3   | Killed a death yak
 14818 | Lair:3   | Noticed a death yak
 14824 | Lair:3   | Killed a death yak
 14843 | Lair:3   | Killed a death yak
 15012 | Lair:3   | Killed a death yak
 15194 | Lair:4   | Offered knowledge of Fulminant Prism by Vehumet.
 15200 | Lair:4   | Reached skill level 10 in Fighting
 15454 | Lair:4   | Noticed a death yak
 15454 | Lair:4   | Noticed a death yak
 15461 | Lair:4   | Noticed a death yak
 15461 | Lair:4   | Noticed a death yak
 15461 | Lair:4   | Noticed a death yak
 15486 | Lair:4   | Killed a death yak
 15487 | Lair:4   | Reached skill level 10 in Ice Magic
 15696 | Lair:4   | Killed a death yak
 15795 | Lair:4   | Killed a death yak
 15805 | Lair:4   | Killed a death yak
 15851 | Lair:4   | Killed a death yak
 15852 | Lair:4   | Gained mutation: You have a tail ending in a sharp stinger.
                  | [demonic ancestry]
 15852 | Lair:4   | Reached XP level 13. HP: 40/103 MP: 7/26
 16091 | D:$      | Got out of the dungeon alive.

Illustrated notes

Levels and vault maps discovered:
D:1:      erik_arrival_blinker_ship, layout_rooms
D:2:      layout_basic, serial_shops, shop_fountains, serial_bayou_lagoon_a
D:3:      layout_rooms, serial_glass, glass_columns_a, glass_columns_a,
          ebering_ecumenical_altar_mist, wad_floor_pattern_untrapped,
          dk_noncrumbling_3, uniq_sigmund
D:4:      layout_basic, lemuel_doored_altar, serial_shops, nicolae_shop_crystal
D:5:      layout_loops_ring, mainiacjoe_overflow_alcove_4,
          minmay_temple_entry_mini_moons, serial_shops,
          nicolae_inconvenience_store, cheibrodos_sewer_entry_drain
D:6:      layout_loops_ring, kennysheep_mini, uniq_duvessa
D:7:      layout_cave_pods, uniq_maggie
D:8:      nicolae_whirlpool, layout_cave_pools,
          nicolae_ru_great_annihilating_truth, xom_butterflies,
          mainiacjoe_overflow_large_starburst
D:9:      layout_basic, lemuel_round_altar, nzn_wu_jian_council_hall,
          dpeg_lair_monsters, orc_0_dummy, gammafunk_ghost_necromancy
D:10:     layout_roguey, okawaru_metal_pillars_3
Temple:   nicolae_temple_no_exploring_needed
Lair:1:   layout_chaotic_city, grunt_megastairs_1
Lair:2:   layout_hall_layers, hellmonk_spider_entry_life_and_decay,
          hangedman_lair_unloving_vines, lemuel_fruit_tree, uniq_nergalle
Lair:3:   layout_loops_ring, swamp_mist
Lair:4:   layout_gridlike, ebering_ghost_reflecting_pool

Skill      XL: |  1  2  3  4  5  6  7  8  9 10 11 12 |
---------------+-------------------------------------+-----
Stealth        | 2 3 4 5 |  5.0
Dodging        | 2 3 4 5 6 7 8 9 |  9.8
Fighting       | 1 2 3 5 6 7 9 10 | 10.0
Ice Magic      | 4 5 6 7 8 9 10 | 10.0
Spellcasting   | 3 4 5 6 7 8 9 |  9.8
Conjurations   | 1 4 6 8 |  8.0

Action                   |  1- 3 |  4- 6 |  7- 9 | 10-12 | 13-15 || total
-------------------------+-------+-------+-------+-------+-------++-------
Melee: Dagger            |    47 |    52 |   299 |   197 |       ||   595
       Unarmed           |     1 |       |       |       |       ||     1
       Punch             |     1 |       |     4 |     5 |       ||    10
       Mace              |       |       |       |    28 |       ||    28
       Tailslap          |       |       |       |     6 |       ||     6
 Cast: Freeze            |    56 |    55 |    51 |   108 |       ||   270
       Frozen Ramparts   |       |     5 |    22 |    37 |       ||    64
       Ozocubu's Armour  |       |     4 |    21 |    33 |       ||    58
       Hailstorm         |       |       |     2 |    33 |       ||    35
       Summon Ice Beast  |       |       |       |     3 |       ||     3
       Stone Arrow       |       |       |       |   128 |     2 ||   130
Evoke: Wand              |       |       |     9 |     6 |     1 ||    16
  Use: Scroll            |       |     4 |     6 |     9 |       ||    19
       Potion            |       |       |     2 |     7 |       ||     9
 Stab: Sleeping          |     8 |     2 |    13 |     5 |       ||    28
       Distracted        |     1 |       |       |     1 |       ||     2
       Paralysed         |       |       |     4 |       |       ||     4
       Invisible         |       |       |       |     1 |       ||     1
Armor: Robe              |     7 |     2 |       |       |       ||     9
       Leather armour    |       |    38 |    96 |   125 |       ||   259
       Skin              |       |       |    15 |       |       ||    15
Dodge: Dodged            |    59 |    66 |   181 |   253 |       ||   559
